 Dungeon Crawl Stone Soup version 0.26.1-10-gdfb7c7de75 (webtiles) character file.

Game seed: 7300910799863033610

440 Almogavar the Chopper (level 7, -3/60 HPs)
             Began as a Hill Orc Fighter on Apr 12, 2021.
             Slain by an ogre
             ... wielding a +0 giant club
              (16 damage)
             ... on level 4 of the Dungeon.
             The game lasted 00:07:59 (3967 turns).

Almogavar the Chopper (Hill Orc Fighter)            Turns: 3967, Time: 00:07:59

Health: -3/60      AC:  9    Str: 26 (27) XL:     7   Next: 2%
Magic:  7/7        EV:  6    Int:  8      God:
Gold:   208        SH: 10    Dex:  8 (10) Spells: 6/6 levels left

rFire    . . .     SeeInvis .   a - +0 war axe
rCold    . . .     Faith    .   c - +0 kite shield
rNeg     . . .     Spirit   .   m - +0 chain mail
rPois    .         Reflect  .   (no helmet)
rElec    .         Harm     .   (no cloak)
rCorr    .         Rampage  .   (no gloves)
Will     +....                  (no boots)
Stlth    ..........             (no amulet)
HPRegen  0.20/turn              o - ring of willpower
MPRegen  0.10/turn              u - +6 ring of strength (curse)

@: no status effects
A: no striking features
a: no special abilities


You were on level 4 of the Dungeon.
You visited 1 branch of the dungeon, and saw 4 of its levels.

You collected 208 gold pieces.

Inventory:

Hand Weapons
 a - a +0 war axe (weapon)
 t - a +0 hunting sling
Missiles
 f - 153 stones (quivered)
Armour
 c - a +0 kite shield (worn)
 m - a +0 chain mail (worn)
Jewellery
 o - a ring of willpower (left hand)
 r - an uncursed ring of fire
 u - a cursed +6 ring of strength (right hand)
Scrolls
 e - a scroll of teleportation
 g - 2 scrolls of remove curse
 l - 2 scrolls of amnesia
 p - a scroll of magic mapping {unknown}
 q - a scroll of blinking {unknown}
Potions
 b - a potion of magic {unknown}
 d - a potion of might
 h - 2 potions of degeneration
 i - 2 potions of heal wounds
 j - 3 potions of haste
 k - 2 potions of curing {unknown}
 n - a potion of attraction {unknown}
 s - a potion of berserk rage {unknown}


   Skills:
 + Level 4.8 Fighting
 + Level 6.6 Axes
 + Level 0.1 Slings
 + Level 4.7 Armour
 + Level 1.1 Dodging
 + Level 0.2 Stealth
 + Level 4.3 Shields


You had 6 spell levels left.
You didn't know any spells.
Your spell library was empty.

Dungeon Overview and Level Annotations

Branches:
Dungeon (4/15)
 Temple: D:4-7

Altars:
Dithmenos
Qazlal
Sif Muna
Yredelemnul
Zin
The Shining One


Message History

You kill the frilled lizard!
The ogre hits you with a +0 giant club!
You slash the ogre!
The ogre is severely wounded.
The ogre hits you but does no damage.
You hit the ogre.
The ogre is almost dead.
The ogre hits you with a +0 giant club!
You barely miss the ogre.
The ogre is almost dead.
The ogre hits you with a +0 giant club!
You barely miss the ogre.
The ogre is almost dead.
The ogre hits you with a +0 giant club!!
* * * LOW HITPOINT WARNING * * *
You are too injured to fight recklessly!
You barely miss the ogre.
The ogre is almost dead.
The ogre hits you with a +0 giant club!
You die...

#..... #.......
##.....? ........
...... # #...####.#
####..(.....#
.##@†.(..<.# #
#....O....#.##.##
#=.#.##...#O.....
..........$.....#
#.....(.##...####.#
####..####........#
...####...###### ##
##.........# ####.
..####...# #....


You could see an ogre.

Vanquished Creatures
  Sigmund (D:2)
  A phantom (D:4)
  An orc priest (D:3)
  Terence (D:2)
  3 adders (D:3)
  An ooze (D:1)
  3 worms
  4 dart slugs (D:1)
  3 leopard geckos
  7 orcs (D:3)
  2 ball pythons (D:2)
  4 bats
  3 giant cockroaches
  10 hobgoblins
  2 jackals (D:3)
  7 kobolds
  2 quokkas
  7 frilled lizards
  14 goblins
  5 rats
81 creatures vanquished.

Notes
Turn   | Place    | Note
-------+----------+-------------------------------------------
     0 | D:1      | Almogavar the Hill Orc Fighter began the quest for the Orb.
     0 | D:1      | Reached XP level 1. HP: 19/19 MP: 1/1
   326 | D:1      | Reached skill level 3 in Axes
   326 | D:1      | Reached XP level 2. HP: 27/27 MP: 2/2
   636 | D:1      | Reached XP level 3. HP: 28/33 MP: 3/3
  1464 | D:2      | Noticed Terence
  1465 | D:2      | You fall into a shaft and drop 2 floors!
  1484 | D:4      | Found a shadowy altar of Dithmenos.
  1484 | D:4      | Noticed a phantom
  1505 | D:4      | Killed a phantom
  1506 | D:4      | Reached skill level 4 in Axes
  1506 | D:4      | Reached XP level 4. HP: 16/41 MP: 4/4
  1506 | D:4      | Reached XP level 5. HP: 18/47 MP: 5/5
  1720 | D:3      | Found a glowing silver altar of Zin.
  1720 | D:3      | Found a basalt altar of Yredelemnul.
  1720 | D:3      | Found a shimmering blue altar of Sif Muna.
  1720 | D:3      | Found a stormy altar of Qazlal.
  1723 | D:3      | Found a glowing golden altar of the Shining One.
  1910 | D:4      | Noticed an ogre
  2063 | D:2      | Killed Terence
  2111 | D:2      | Reached skill level 5 in Axes
  2241 | D:2      | Noticed Sigmund
  2258 | D:2      | HP: 2/47 [something (2)]
  2260 | D:2      | Killed Sigmund
  2261 | D:2      | Reached skill level 6 in Axes
  2261 | D:2      | Reached XP level 6. HP: 26/53 MP: 6/6
  2804 | D:3      | Reached skill level 1 in Dodging
  3654 | D:3      | Reached XP level 7. HP: 60/60 MP: 7/7
  3967 | D:4      | Slain by an ogre

Illustrated notes

Levels and vault maps discovered:
D:1:      dpeg_arrival_yet_another_circle, layout_basic
D:2:      layout_rooms, minmay_octomino_e4, uniq_sigmund, uniq_terence
D:3:      layout_basic, nicolae_overflow_hidden_temple, minmay_bisected
D:4:      layout_loops_cross, grunt_dithmenos_shadows

Skill      XL: |  1  2  3  4  5  6 |
---------------+-------------------+-----
Axes           | 3 4 6 |  6.6
Fighting       | 4 |  4.8
Armour         | 4 |  4.7
Shields        | 4 |  4.3
Dodging        | 1 |  1.1
Slings         | |  0.1
Stealth        | |  0.2

Action                   |  1- 3 |  4- 6 |  7- 9 || total
-------------------------+-------+-------+-------++-------
Melee: War axe           |    71 |   187 |    26 ||   284
 Fire: Hunting sling     |       |     5 |     2 ||     7
  Use: Scroll            |     1 |     2 |     1 ||     4
       Potion            |       |     2 |       ||     2
Armor: Scale mail        |    32 |    84 |     7 ||   123
       Chain mail        |       |       |     8 ||     8
Dodge: Dodged            |    27 |    40 |     7 ||    74
Block: Kite shield       |    29 |   102 |     9 ||   140
